 Dungeon Crawl Stone Soup version 0.30-a0-42-g806c11bf1d (webtiles) character file.

Game seed: 15065939988476355236

108 QueenGhuleh the Chopper (level 4, -8/41 HPs)
             Began as a Minotaur Chaos Knight on Aug 30, 2022.
             Was a Plaything of Xom.
             Mangled by Grinder (9 damage)
             ... on level 3 of the Dungeon.
             The game lasted 00:03:37 (1776 turns).

QueenGhuleh the Chopper (Minotaur Chaos Knight)     Turns: 1776, Time: 00:03:37

Health: -8/41      AC:  5    Str: 18    XL:     4   Next: 58%
Magic:  3/3        EV: 11    Int:  9    God:    Xom [...*..]
Gold:   120        SH:  0    Dex: 10    Spells: 3/3 levels left

rFire   . . .      SeeInvis .    a - +0 hand axe (chaos)
rCold   . . .      Faith    .    (no shield)
rNeg    . . .      Spirit   .    o - +0 ring mail
rPois   .          Reflect  .    (helmet restricted)
rElec   .          Harm     .    (no cloak)
rCorr   .          Rampage  .    (no gloves)
Will    .....                    (no boots)
Stlth   ..........               (no amulet)
HPRegen 0.13/turn                (no ring)
MPRegen 0.08/turn                (no ring)

@: no status effects
A: horns 2, retaliatory headbutt
a: Renounce Religion


You were on level 3 of the Dungeon.
You worshipped Xom.
You were a favourite toy of Xom.
You visited 1 branch of the dungeon, and saw 3 of its levels.

You collected 120 gold pieces.

Inventory:

Hand Weapons
 a - a +0 hand axe of chaos (weapon)
 i - a +0 flail
Armour
 o - a +0 ring mail (worn)
Jewellery
 l - a ring of see invisible
 s - a +4 ring of protection
Scrolls
 d - 3 scrolls of amnesia {unknown}
 e - a scroll of summoning {unknown}
 f - 3 scrolls of teleportation {unknown}
 h - a scroll of silence {unknown}
 k - a scroll of poison {unknown}
 m - 3 scrolls of identify {unknown}
 p - a scroll of noise {unknown}
 r - a scroll of acquirement {unknown}
 u - a scroll of fear {unknown}
Potions
 b - a potion of flight {unknown}
 g - 2 potions of mutation {unknown}
 j - a potion of attraction {unknown}
 q - a potion of brilliance {unknown}
 t - a potion of haste {unknown}
Miscellaneous
 c - a piece from Xom's chessboard (14/15) (quivered)


   Skills:
 + Level 4.6 Fighting
 + Level 4.9 Axes
 + Level 3.3 Armour
 + Level 1.9 Dodging


You had 3 spell levels left.
You didn't know any spells.
Your spell library contained the following spells:

 Spells                   Type           Power      Damage    Failure   Level
 Apportation              Tloc           0%         N/A       56%         1
 Slow                     Hex            0%         N/A       56%         1
 Alistair's Intoxication  Tmut/Pois      0%         N/A       100%        5


Dungeon Overview and Level Annotations

Branches:
Dungeon (3/15)

Altars:

Annotations:
D:3 2 transporters, Grinder; Newt's ghost, weakling DsGl


Innate Abilities, Weirdness & Mutations

You have a pair of horns on your head.
You reflexively headbutt those who attack you in melee.


Message History

The hobgoblin hits you.
* * * LOW HITPOINT WARNING * * *
Your shadow imp hits Grinder.
Your crimson imp hits the hobgoblin.
Your quasit bites Grinder but does no damage.
Your quasit claws Grinder but does no damage.
Your quasit claws Grinder.
You can move again.
Unknown command.
You make a move on Xom's chessboard...
The hobgoblin seems to speed up.
The hobgoblin hits you.
* * * LOW HITPOINT WARNING * * *
Your quasit bites Grinder but does no damage.
Your quasit claws Grinder but does no damage.
Your quasit completely misses Grinder.
The hobgoblin hits you but does no damage.
Grinder hits you but does no damage.
Your crimson imp hits the hobgoblin.
Your shadow imp hits Grinder.
Unknown command.
You are too injured to fight recklessly!
You are too injured to fight recklessly!
You are too injured to fight recklessly!
You barely miss Grinder.
Grinder is moderately wounded.
You hit the hobgoblin.
You kill the hobgoblin!
You hit the hobgoblin. You burn the hobgoblin.
You kill the hobgoblin!
Your quasit bites Grinder but does no damage.
Your quasit claws Grinder.
Your quasit barely misses Grinder.
Grinder barely misses you.
Your crimson imp blinks!
Your shadow imp hits Grinder.
Your piece from Xom's chessboard (14/15) has regained one charge.
You hit Grinder. Your headbutt misses Grinder.
Grinder is heavily wounded.
You completely miss the adder. The adder closely misses you.
Your quasit bites Grinder.
Your quasit claws Grinder but does no damage.
Your quasit closely misses Grinder.
Grinder hits you!
You die...

.....##.# #.
...#.##.# ## ..
...#....###..§. ..#
...##.......... ##.##
...##.#<###... ....
#####.#.##########g).
#...........55#g##...
####.########5Sggg...
#..# ##)@#####.. #.##
###)§## #.# #...##
#.#####5### #.#.....#
#...##### #####


You could see Grinder (ally target), an adder, a hobgoblin, 4 goblins, a
friendly quasit (summoned), a friendly crimson imp (summoned) and a friendly
shadow imp (summoned).

Vanquished Creatures
  Robin (D:3)
  5 adders (D:2)
  A worm (D:2)
  2 orcs (D:3)
  2 ball pythons
  4 bats
  2 endoplasms
  4 giant cockroaches
  5 goblins
  6 hobgoblins
  5 kobolds
  2 quokkas
  2 frilled lizards
  4 rats
45 creatures vanquished.

Vanquished Creatures (collateral kills)
  2 goblins (D:3)
2 creatures vanquished.

Grand Total: 47 creatures vanquished

Notes
Turn   | Place    | Note
-------+----------+-------------------------------------------
     0 | D:1      | QueenGhuleh the Minotaur Chaos Knight began the quest for
                  | the Orb.
     0 | D:1      | Reached XP level 1. HP: 19/19 MP: 0/0
    47 | D:1      | XOM: divination: detect creatures
   188 | D:1      | XOM is BORED!
   188 | D:1      | XOM: silly message
   225 | D:1      | XOM: divination: detect items
   450 | D:1      | Reached XP level 2. HP: 20/27 MP: 1/1
   877 | D:2      | Found a faded altar of an unknown god.
   881 | D:2      | Got Plato's Secrets of Guile
   940 | D:2      | Reached XP level 3. HP: 24/33 MP: 2/2
  1074 | D:2      | XOM is BORED!
  1074 | D:2      | XOM: silly message
  1155 | D:2      | XOM: silly message
  1267 | D:2      | Reached XP level 4. HP: 41/41 MP: 3/3
  1356 | D:2      | XOM: 5-stop teleportation journey
  1608 | D:3      | Found a transporter.
  1608 | D:3      | XOM: 3-stop teleportation journey
  1616 | D:3      | Noticed Newt's ghost (weakling DsGl)
  1689 | D:3      | Found a transporter.
  1728 | D:3      | Noticed Grinder
  1757 | D:3      | Paralysed by Grinder for 3 turns
  1760 | D:3      | Identified the +2 helmet "Reffam" {rC+ Will+++ Dex-4}
  1760 | D:3      | Noticed Robin
  1767 | D:3      | Killed Robin
  1769 | D:3      | XOM: divination: detect items
  1770 | D:3      | XOM: summons 4 friendly demons
  1772 | D:3      | Paralysed by Grinder for 2 turns
  1773 | D:3      | HP: 2/41 [hobgoblin[Robin] (2)]
  1776 | D:3      | Mangled by Grinder

Illustrated notes

Levels and vault maps discovered:
D:1:      matt_arrival_spirals, layout_basic
D:2:      layout_rooms, shapermc_ecumenical_altar_rom_forum,
          minmay_strange_pillars, minmay_fractal_squares_gapless_5
D:3:      layout_rooms, marbit_many_paths, gammafunk_ghost_arena, uniq_grinder,
          uniq_robin

Skill      XL: |  1  2  3 |
---------------+----------+-----
Axes           | 4 |  4.9
Fighting       | 4 |  4.6
Armour         | 3 |  3.3
Dodging        | |  1.9

Action                   |  1- 3 |  4- 6 || total
-------------------------+-------+-------++-------
Melee: Hand axe          |    45 |    40 ||    85
       Headbutt          |    10 |     1 ||    11
       Flail             |    12 |       ||    12
Evoke: Piece from Xom's  |       |     2 ||     2
  Use: Potion            |       |     2 ||     2
 Stab: Paralysed         |       |     1 ||     1
Armor: Leather armour    |    28 |     7 ||    35
       Ring mail         |       |    17 ||    17
Dodge: Dodged            |    31 |    18 ||    49

Table legend: (Time is in decaauts)
 A = Elapsed time spent in this place.
 B = Non-inter-level travel time spent in this place.
 C = Inter-level travel time spent in this place.
 D = Time resting spent in this place.
 E = Time spent auto-exploring this place.
 F = Levels seen in this place.
 G = Mean time per level.
                   A        B        C        D        E       F      G
               +--------+--------+--------+--------+--------+-----+--------+
         Total |   1784 |   1742 |     42 |      0 |   1468 |   3 |  594.7 |
       Dungeon |   1784 |   1742 |     42 |      0 |   1468 |   3 |  594.7 |
               +--------+--------+--------+--------+--------+-----+--------+

Top non-repeatable levels by time:
     D:1: 753 daAuts
     D:2: 751 daAuts
     D:3: 279 daAuts
